 Dungeon Crawl Stone Soup version 0.24-a0-458-gfcb5e6da0e (webtiles) character file.

Game seed: 6602780044992166116

394 KristoblXynda the Ducker (level 6, -4/33 HPs)
             Began as a Spriggan Berserker on June 27, 2019.
             Was a Priest of Trog.
             Slain by a worker ant (6 damage)
             ... on level 4 of the Dungeon.
             The game lasted 00:07:16 (5276 turns).

KristoblXynda the Ducker (Spriggan Berserker)       Turns: 5276, Time: 00:07:16

Health: -4/33      AC:  2    Str: 15    XL:     6   Next: 52%
Magic:  7/7        EV: 21    Int:  9    God:    Trog [***...]
Gold:   91         SH:  0    Dex: 15    Spells: 5/5 levels left

rFire    . . .     SeeInvis +   d - +0 dagger
rCold    . . .     Gourm    .   (shield restricted)
rNeg     . . .     Faith    .   b - +0 animal skin
rPois    .         Spirit   .   (helmet restricted)
rElec    .         Reflect  .   (no cloak)
rCorr    +         Harm     .   (gloves unavailable)
MR       +....                  (boots unavailable)
Stlth    +++.......             (no amulet)
HPRegen  0.11/turn              k - ring of resist corrosion
MPRegen  0.10/turn              j - ring of wizardry

@: lethally poisoned (-4 -> -9), very quick
A: very small, unfitting armour, see invisible, herbivore, speed 3, slow
metabolism 2
a: Berserk, Trog's Hand, Renounce Religion


You were on level 4 of the Dungeon.
You worshipped Trog.
Trog was most pleased with you.
You were not hungry.

You visited 2 branches of the dungeon, and saw 5 of its levels.

You collected 91 gold pieces.

Inventory:

Hand Weapons
 d - a +0 dagger (weapon)
Armour
 b - a +0 animal skin (worn)
Jewellery
 j - a ring of wizardry (right hand)
 k - a ring of resist corrosion (left hand)
 r - an uncursed amulet of faith {unknown}
Scrolls
 e - 3 scrolls of teleportation
 l - a scroll of amnesia
Potions
 f - a potion of flight {unknown}
 g - a potion of brilliance {unknown}
 h - a potion of haste {unknown}
 n - a potion of heal wounds {unknown}
 o - a potion of might {unknown}
Comestibles
 c - 2 rations


   Skills:
 + Level 3.7 Fighting
 + Level 4.9 Short Blades
 + Level 6.5 Dodging
 + Level 5.0 Stealth


You had 5 spell levels left.
You didn't know any spells.
Your spell library was empty.

Dungeon Overview and Level Annotations

Branches:
Dungeon (4/15)             Temple (1/1) D:4

Altars:
Ashenzari
Cheibriados
Dithmenos
Elyvilon
Gozag
Hepliaklqana
Kikubaaqudgha
Makhleb
Qazlal
Sif Muna
Trog
Uskayaw
Vehumet
Wu Jian
Xom
Yredelemnul
Zin
The Shining One


Innate Abilities, Weirdness & Mutations

You are very small and have problems with some larger weapons.
You are too small for most types of armour.
You have supernaturally acute eyesight. (SInv)
You are a herbivore.
You cover ground extremely quickly.
You need to consume almost no food.


Message History

You hit the worker ant but do no damage.
The worker ant is severely wounded.
The worker ant misses you.
You hit the worker ant but do no damage.
The worker ant is severely wounded.
The worker ant bites you.
You barely miss the worker ant.
The worker ant is severely wounded.
The worker ant misses you.
You hit the worker ant but do no damage.
The worker ant is severely wounded.
You eat one of the 3 rations.
That ration really hit the spot!
You feel sick. The worker ant bites you!
* * * LOW HITPOINT WARNING * * *
You are lethally poisoned!
The worker ant poisons you!
You hit the worker ant but do no damage.
The worker ant is severely wounded.
The worker ant bites you.
You die...

.....#.....#.#..........>#####...
.....+?....+.................'...
....##.....#.#.#####...#.#####...
...................+...+.# ####
.............#.#####...###
.............#.# #####
.....#######.#.### ###########
.....# ##.#...# #.§§§§§.#..
.....# #....#@###.##.§§§§§.###
.....# #....#.a...##.#§§§#.#
.....######....########.......#
...................# #.......#
......)........##### #.#...#.#
.#.#.#####.##### #.......#
.........#.# #...(...#
.###.###.#.# #.#...#.# ...#.# #.#
#.......###


You could see a worker ant.

Vanquished Creatures
  An ogre (D:4)
  A centaur (D:4)
  An orc priest (D:4)
  A hound (D:4)
  A worker ant (D:4)
  A hound zombie (D:3)
  6 adders
  5 worms
  3 dart slugs (D:1)
  2 leopard geckos
  8 orcs
  A ball python (D:1)
  7 bats
  6 giant cockroaches
  6 hobgoblins
  A jackal (D:3)
  6 kobolds
  4 frilled lizards
  6 goblins
  A quokka skeleton (D:4)
  2 rats (D:1)
70 creatures vanquished.

Notes
Turn   | Place    | Note
-------+----------+-------------------------------------------
     0 | D:1      | KristoblXynda the Spriggan Berserker began the quest for
                  | the Orb.
     0 | D:1      | Reached XP level 1. HP: 11/11 MP: 2/2
   233 | D:1      | Reached skill level 1 in Stealth
   409 | D:1      | Reached XP level 2. HP: 13/16 MP: 3/3
  1051 | D:1      | Reached ** piety under Trog
  1553 | D:1      | Reached XP level 3. HP: 19/19 MP: 4/4
  1626 | D:2      | Reached skill level 5 in Dodging
  2323 | D:3      | Reached XP level 4. HP: 17/23 MP: 5/5
  3747 | D:3      | Reached XP level 5. HP: 10/28 MP: 6/6
  3763 | D:3      | Reached *** piety under Trog
  4398 | D:4      | Noticed a centaur
  4403 | D:4      | Killed a centaur
  4403 | D:4      | Reached skill level 6 in Dodging
  4403 | D:4      | Reached XP level 6. HP: 32/32 MP: 7/7
  4722 | D:4      | Reached skill level 5 in Stealth
  4844 | D:4      | Found a staircase to the Ecumenical Temple.
  4986 | Temple   | Entered the Ecumenical Temple
  5276 | D:4      | Slain by a worker ant

Levels and vault maps discovered:
D:1:      dpeg_arrival_solitude, layout_loops_corners,
          hangedman_abyss_or_decor_stabs
D:2:      layout_loops_cross, grunt_ministairs_7
D:3:      layout_loops_ring, wad_rectangle_vault
D:4:      layout_basic, temple_hall
Temple:   compressed_dpeg_circular_temple

Skill      XL: |  1  2  3  4  5  6 |
---------------+-------------------+-----
Stealth        | 1 2 3 4 5 |  5.0
Dodging        | 5 6 |  6.5
Fighting       | 3 |  3.7
Short Blades   | 4 |  4.9

Action                   |  1- 3 |  4- 6 || total
-------------------------+-------+-------++-------
Melee: Short sword       |    64 |       ||    64
       Dagger            |   123 |   231 ||   354
Invok: Berserk           |     1 |     4 ||     5
  Use: Scroll            |       |     7 ||     7
 Stab: Sleeping          |     8 |     7 ||    15
       Distracted        |       |     1 ||     1
  Eat: Ration            |       |     4 ||     4
Armor: Animal skin       |    13 |     8 ||    21
Dodge: Dodged            |   144 |   149 ||   293

Table legend:
 A = Non-vault XP
 B = Vault XP
 C = Vault XP percentage of total XP
 D = Non-vault monster count
 E = Vault monster count
 F = Vault count percentage of total count
                 A         B        C        D         E       F
            +---------+---------+-------+---------+---------+-------
      Total |     537 |      27 |   4.8 |      62 |       8 |  11.4
            +---------+---------+-------+---------+---------+-------
        D:1 |      44 |       0 |   0.0 |      24 |       0 |   0.0
        D:2 |      45 |       4 |   8.2 |       9 |       2 |  18.2
        D:3 |      88 |      23 |  20.7 |      18 |       6 |  25.0
        D:4 |     360 |       0 |   0.0 |      11 |       0 |   0.0
            +---------+---------+-------+---------+---------+-------
